[Event "2nd Bieszczady Chess-ch B 2022"]
[Site "Bystre"]
[Date "2022.07.23"]
[Round "8.2"]
[White "Sola, Wojciech"]
[Black "Kusiak, Mateusz"]
[Result "0-1"]
[ECO "A39"]
[WhiteElo "1780"]
[BlackElo "1693"]
[Annotator "NA RC COMBH"]
[PlyCount "82"]
[EventDate "2022.07.17"]
[EventCountry "POL"]
[SourceTitle "playchess.com"]
[Source "ChessBase"]
[SourceQuality "1"]
[TimeControl "5400+30"]

1. c4 c5 2. Nc3 g6 3. g3 Bg7 4. Bg2 Nc6 5. Nf3 Nf6 6. O-O O-O 7. d4 cxd4 8. Nxd4 Nxd4 9. Qxd4 d6 10. Qd2 Qc7 11. b3 Bd7 12. Bb2 Bc6 13. e4 Rfc8 14. Rac1 Qa5 15. Rfd1 a6 16. Nd5 Qxd2 17. Rxd2 Bxd5 18. exd5 Nd7 19. Bxg7 Kxg7 20. Rdc2 Ne5 21. Re1 Kf8 22. Rc3 b6 23. Rce3 Rc7 24. h3 f6 25. f4 Nf7 26. Kf2 Nd8 27. g4 Nb7 28. Be4 b5 29. Bd3 Nc5 30. Be2 bxc4 31. Bxc4 Rb8 32. Rg1 a5 33. a4 Nxa4 34. Ra1 Nb6 35. Rxa5 Nxc4 36. bxc4 Rxc4 37. Kf3 Rbb4 38. Ra8+ Kf7 39. Ra7 Rxf4+ 40. Kg3 Rfe4 41. Rc3 Re5 0-1

[Event "2nd Bieszczady Chess-ch B 2022"]
[Site "Bystre"]
[Date "2022.07.23"]
[Round "8.3"]
[White "Tokarz, Izabela"]
[Black "Panczuk, Grzegorz"]
[Result "1-0"]
[ECO "D88"]
[WhiteElo "1694"]
[BlackElo "1684"]
[Annotator "NA RC COMBH"]
[PlyCount "69"]
[EventDate "2022.07.17"]
[EventCountry "POL"]
[SourceTitle "playchess.com"]
[Source "ChessBase"]
[SourceQuality "1"]
[TimeControl "5400+30"]

1. d4 Nf6 2. c4 g6 3. Nc3 d5 4. cxd5 Nxd5 5. e4 Nxc3 6. bxc3 Bg7 7. Bc4 c5 8. Ne2 Nc6 9. Be3 cxd4 10. cxd4 O-O 11. O-O Bg4 12. f3 Na5 13. Bxf7+ Rxf7 14. fxg4 Rxf1+ 15. Kxf1 Nc4 16. Qd3 Nxe3+ 17. Qxe3 Qb6 18. Qb3+ Qxb3 19. axb3 a5 20. e5 Bh6 21. Nc3 Bd2 22. Ne4 Bb4 23. Ke2 Rc8 24. Kd3 h6 25. h4 Kf7 26. d5 Rd8 27. Kd4 Rc8 28. Rf1+ Kg8 29. d6 exd6 30. exd6 Rd8 31. Kd5 Kg7 32. Rc1 b5 33. Rc7+ Kf8 34. Rb7 a4 35. bxa4 1-0

[Event "2nd Bieszczady Chess-ch B 2022"]
[Site "Bystre"]
[Date "2022.07.23"]
[Round "8.4"]
[White "Gluch, Pawel"]
[Black "Warchol, Jacek"]
[Result "1/2-1/2"]
[ECO "C15"]
[WhiteElo "1663"]
[BlackElo "1785"]
[Annotator "NA RC COMBH"]
[PlyCount "108"]
[EventDate "2022.07.17"]
[EventCountry "POL"]
[SourceTitle "playchess.com"]
[Source "ChessBase"]
[SourceQuality "1"]
[TimeControl "5400+30"]

1. e4 e6 2. d4 d5 3. Nc3 Bb4 4. Qd3 dxe4 5. Qxe4 Nf6 6. Qh4 O-O 7. Bd3 Bxc3+ 8. bxc3 Qd5 9. Bg5 Nbd7 10. Nf3 h6 11. Bf4 c5 12. c4 Qh5 13. Qxh5 Nxh5 14. Bd6 Re8 15. dxc5 e5 16. Be4 Ndf6 17. Bd5 Nf4 18. O-O-O N4xd5 19. cxd5 Ne4 20. Rhe1 Nxd6 21. cxd6 Bg4 22. d7 Red8 23. Rxe5 Bxf3 24. gxf3 Rxd7 25. Kb2 Rc8 26. Kb3 Rc5 27. Re8+ Kh7 28. d6 Rc6 29. Re7 Rdxd6 30. Rxd6 Rxd6 31. Rxb7 Rf6 32. Rxa7 Rxf3+ 33. c3 f5 34. a4 Rxf2 35. a5 Rf1 36. Kb2 Kg6 37. a6 Rf2+ 38. Kb3 Re2 39. Rb7 Re6 40. a7 Ra6 41. c4 f4 42. Kc3 Kf5 43. Rxg7 Ke4 44. Re7+ Kf3 45. Rh7 Kg2 46. Rxh6 Rxa7 47. Rf6 f3 48. Kd4 f2 49. c5 f1=Q 50. Rxf1 Kxf1 51. c6 Kg2 52. h4 Kg3 53. Kd5 Kf4 54. Kd6 Kg4 1/2-1/2

[Event "2nd Bieszczady Chess-ch B 2022"]
[Site "Bystre"]
[Date "2022.07.23"]
[Round "8.5"]
[White "Polak, Sylwia"]
[Black "Zajac, Karol"]
[Result "1/2-1/2"]
[ECO "D18"]
[WhiteElo "1574"]
[BlackElo "1579"]
[Annotator "NA RC COMBH"]
[PlyCount "45"]
[EventDate "2022.07.17"]
[EventCountry "POL"]
[SourceTitle "playchess.com"]
[Source "ChessBase"]
[SourceQuality "1"]
[TimeControl "5400+30"]

1. d4 d5 2. c4 c6 3. Nc3 Nf6 4. Nf3 dxc4 5. a4 Bf5 6. e3 e6 7. Bxc4 Bb4 8. O-O Nbd7 9. Qe2 O-O 10. e4 Bg6 11. e5 Nd5 12. Ne4 a5 13. Bg5 Be7 14. Bxe7 Qxe7 15. Rac1 N7b6 16. Bb3 Nf4 17. Qe3 Nbd5 18. Bxd5 Nxd5 19. Qe2 Nf4 20. Qe3 Nd5 21. Qe2 Nf4 22. Qe3 Nd5 23. Qe2 1/2-1/2

[Event "2nd Bieszczady Chess-ch B 2022"]
[Site "Bystre"]
[Date "2022.07.23"]
[Round "8.6"]
[White "Giefert, Sara"]
[Black "Tokarz, Gabriela"]
[Result "1-0"]
[ECO "B50"]
[WhiteElo "1692"]
[BlackElo "1412"]
[Annotator "NA RC COMBH"]
[PlyCount "122"]
[EventDate "2022.07.17"]
[EventCountry "POL"]
[SourceTitle "playchess.com"]
[Source "ChessBase"]
[SourceQuality "1"]
[TimeControl "5400+30"]

1. e4 c5 2. Nf3 d6 3. c3 Nf6 4. h3 Nc6 5. Bd3 g6 6. Bc2 Bg7 7. O-O O-O 8. d4 cxd4 9. cxd4 d5 10. e5 Nd7 11. Nc3 e6 12. Re1 a6 13. a4 Nb6 14. Bg5 Qc7 15. Rc1 Bd7 16. Bb1 Qb8 17. b3 Re8 18. Qd2 Nc8 19. Bh6 N8e7 20. Bxg7 Kxg7 21. h4 Qa7 22. h5 Ng8 23. Ne2 Qb6 24. Rc3 Rac8 25. Rec1 Na5 26. Qd3 Rxc3 27. Rxc3 Rc8 28. Rxc8 Bxc8 29. Bc2 Nc6 30. Qe3 Bd7 31. g4 Qc7 32. Bb1 Na5 33. hxg6 hxg6 34. Ng5 Nh6 35. f3 Qb6 36. Bc2 Qc7 37. Qd3 b5 38. Nf4 bxa4 39. Nfxe6+ Bxe6 40. Nxe6+ fxe6 41. Qxg6+ Kf8 42. Qxh6+ Ke7 43. Qg7+ Kd8 44. Qxc7+ Kxc7 45. bxa4 Kd7 46. Kf2 Ke7 47. f4 Nc6 48. Ke3 a5 49. f5 exf5 50. gxf5 Kf7 51. Bb3 Nb4 52. Kf4 Ke7 53. Kg5 Nc6 54. Bxd5 Nxd4 55. f6+ Kf8 56. e6 Ke8 57. Kf4 Kf8 58. Ke5 Nxe6 59. Kxe6 Ke8 60. f7+ Kf8 61. Bc6 Kg7 1-0

[Event "2nd Bieszczady Chess-ch B 2022"]
[Site "Bystre"]
[Date "2022.07.23"]
[Round "8.7"]
[White "Sternik, Piotr"]
[Black "Strojek, Kazimierz"]
[Result "1-0"]
[ECO "A45"]
[WhiteElo "1434"]
[BlackElo "1668"]
[Annotator "NA RC COMBH"]
[PlyCount "53"]
[EventDate "2022.07.17"]
[EventCountry "POL"]
[SourceTitle "playchess.com"]
[Source "ChessBase"]
[SourceQuality "1"]
[TimeControl "5400+30"]

1. d4 Nf6 2. Bg5 e6 3. e3 Be7 4. Bd3 d5 5. Nf3 Nbd7 6. O-O Ng4 7. Bxe7 Qxe7 8. h3 Nh6 9. Nbd2 f5 10. c4 c6 11. cxd5 exd5 12. Rb1 O-O 13. b4 a6 14. a4 Nf6 15. b5 axb5 16. axb5 Ne4 17. Qc2 Nf7 18. bxc6 bxc6 19. Qxc6 Be6 20. Rb7 Qd6 21. Qxd6 Nfxd6 22. Re7 Rfe8 23. Rxe8+ Rxe8 24. Rb1 Re7 25. Rb8+ Re8 26. Rb6 Nf7 27. Bb5 1-0

[Event "2nd Bieszczady Chess-ch B 2022"]
[Site "Bystre"]
[Date "2022.07.23"]
[Round "8.8"]
[White "Mikula, Maciej"]
[Black "Ochalik, Filip"]
[Result "1/2-1/2"]
[ECO "C11"]
[WhiteElo "1620"]
[BlackElo "1342"]
[Annotator "NA RC COMBH"]
[PlyCount "82"]
[EventDate "2022.07.17"]
[EventCountry "POL"]
[SourceTitle "playchess.com"]
[Source "ChessBase"]
[SourceQuality "1"]
[TimeControl "5400+30"]

1. e4 e6 2. Nf3 d5 3. Nc3 Nf6 4. exd5 exd5 5. d4 Bg4 6. Be2 Be7 7. O-O O-O 8. Bf4 Nh5 9. Be3 c6 10. h3 Be6 11. Qd2 h6 12. Rfe1 Nd7 13. Bd3 c5 14. dxc5 Nxc5 15. Nd4 a6 16. Nxe6 fxe6 17. Bg6 Nf6 18. Bd4 a5 19. Qe3 Nfd7 20. Nxd5 Bg5 21. f4 exd5 22. fxg5 Ra6 23. Bxc5 Nxc5 24. Qxc5 Rxg6 25. gxh6 gxh6 26. Rad1 Rf5 27. Re7 Qf8 28. Qe3 d4 29. Qe2 Rfg5 30. g4 Qf4 31. Qc4+ Kf8 32. Qc8+ Kxe7 33. Re1+ Re5 34. Qc7+ Ke6 35. Qc8+ Kd6 36. Qb8+ Ke6 37. Qc8+ Kd6 38. Qb8+ Ke6 39. Qc8+ Kf6 40. Qc7 Ke6 41. Qd8 Qf8 1/2-1/2

[Event "2nd Bieszczady Chess-ch B 2022"]
[Site "Bystre"]
[Date "2022.07.23"]
[Round "8.9"]
[White "Labedz, Dawid"]
[Black "Kryston, Aleksander"]
[Result "1/2-1/2"]
[ECO "B77"]
[WhiteElo "1562"]
[BlackElo "1216"]
[Annotator "NA RC COMBH"]
[PlyCount "95"]
[EventDate "2022.07.17"]
[EventCountry "POL"]
[SourceTitle "playchess.com"]
[Source "ChessBase"]
[SourceQuality "1"]
[TimeControl "5400+30"]

1. e4 c5 2. Nf3 g6 3. d4 cxd4 4. Nxd4 d6 5. Nc3 Bg7 6. Be3 Nf6 7. Bc4 Nc6 8. f3 O-O 9. Qd2 a6 10. O-O-O Bd7 11. g4 b5 12. Bb3 Nxd4 13. Bxd4 a5 14. Nd5 Nxe4 15. fxe4 Bxd4 16. Qxd4 a4 17. Nxe7+ Qxe7 18. Bd5 Bxg4 19. Rdf1 Rab8 20. Rhg1 Be6 21. h4 Bxd5 22. Qxd5 Qxh4 23. Rh1 Qg3 24. Qd2 Qe5 25. Rh6 f6 26. Rfh1 Rf7 27. Qd3 Re8 28. Qh3 Qe6 29. Rxg6+ Kf8 30. Qh6+ Ke7 31. Rg7 Qxe4 32. Rf1 Qe6 33. Rxh7 Rxh7 34. Qxh7+ Kd8 35. Qd3 Qe5 36. Rf5 Qe1+ 37. Qd1 Qe3+ 38. Kb1 Qg3 39. Rf1 a3 40. bxa3 Qxa3 41. Qd4 Re5 42. Qb6+ Kd7 43. Qd4 Ke7 44. Qh4 Qc3 45. Qxf6+ Kd7 46. Qg7+ Kc6 47. Qg2+ Kb6 48. Rd1 1/2-1/2

[Event "2nd Bieszczady Chess-ch B 2022"]
[Site "Bystre"]
[Date "2022.07.23"]
[Round "8.11"]
[White "Tymrakiewicz, Marianna"]
[Black "Medrygal, Rafal"]
[Result "1-0"]
[ECO "C50"]
[WhiteElo "1819"]
[BlackElo "1365"]
[Annotator "NA RC COMBH"]
[PlyCount "69"]
[EventDate "2022.07.17"]
[EventCountry "POL"]
[SourceTitle "playchess.com"]
[Source "ChessBase"]
[SourceQuality "1"]
[TimeControl "5400+30"]

1. e4 e5 2. Nf3 Nc6 3. Bc4 Bc5 4. O-O Nf6 5. d3 d6 6. h3 Ne7 7. c3 Ng6 8. d4 exd4 9. cxd4 Bb6 10. Qb3 O-O 11. Nc3 Qe7 12. Bg5 h6 13. Nd5 Qxe4 14. Bxf6 c6 15. Nxb6 axb6 16. Bd3 Qf4 17. Bxg6 Qxf6 18. Bc2 b5 19. Qd3 g6 20. Rfe1 Bf5 21. Qc3 Be6 22. Bb3 d5 23. Ne5 Kg7 24. Bc2 Qg5 25. Nxg6 Bxh3 26. Qxh3 fxg6 27. Re6 Rf6 28. Rxf6 Qxf6 29. Re1 Rf8 30. Qg3 Kh7 31. Re5 Rf7 32. Qe3 Rg7 33. Rh5 Re7 34. Qxh6+ Kg8 35. Re5 1-0

[Event "2nd Bieszczady Chess-ch B 2022"]
[Site "Bystre"]
[Date "2022.07.24"]
[Round "9.1"]
[White "Kusiak, Mateusz"]
[Black "Kulig, Pawel"]
[Result "0-1"]
[ECO "B36"]
[WhiteElo "1693"]
[BlackElo "1720"]
[Annotator "NA RC COMBH"]
[PlyCount "58"]
[EventDate "2022.07.17"]
[EventCountry "POL"]
[SourceTitle "playchess.com"]
[Source "ChessBase"]
[SourceQuality "1"]
[TimeControl "5400+30"]

1. e4 c5 2. Nf3 g6 3. d4 cxd4 4. Nxd4 Nc6 5. c4 Nf6 6. Nc3 d6 7. Be3 Ng4 8. Bg5 Qb6 9. Be3 Nxe3 10. fxe3 Bh6 11. Qd2 Bxe3 12. Qxe3 Nxd4 13. Qd2 Nc6 14. Nd5 Qd8 15. Be2 O-O 16. O-O-O Ne5 17. h4 f6 18. Rdg1 Be6 19. Kb1 Rc8 20. Ne3 Qb6 21. g4 a5 22. g5 Qb4 23. Qxb4 axb4 24. b3 fxg5 25. hxg5 Rf4 26. Nd5 Bxd5 27. exd5 Rf2 28. Bd1 b5 29. cxb5 Nd3 0-1

[Event "2nd Bieszczady Chess-ch B 2022"]
[Site "Bystre"]
[Date "2022.07.24"]
[Round "9.2"]
[White "Gluch, Pawel"]
[Black "Tokarz, Izabela"]
[Result "1-0"]
[ECO "B20"]
[WhiteElo "1663"]
[BlackElo "1694"]
[Annotator "NA RC COMBH"]
[PlyCount "65"]
[EventDate "2022.07.17"]
[EventCountry "POL"]
[SourceTitle "playchess.com"]
[Source "ChessBase"]
[SourceQuality "1"]
[TimeControl "5400+30"]

1. e4 c5 2. Be2 Nc6 3. f4 e6 4. d3 d5 5. Nf3 Be7 6. O-O b6 7. c3 d4 8. Qe1 Bb7 9. Qg3 g6 10. Na3 f5 11. Nc4 fxe4 12. dxe4 d3 13. Rd1 b5 14. Rxd3 Qc7 15. Ne3 Na5 16. Rd1 Qb6 17. e5 Nh6 18. Qh3 Nf5 19. Nxf5 exf5 20. Be3 Qc6 21. b3 a6 22. Qg3 O-O 23. Rac1 Qc7 24. Ng5 Bxg5 25. Qxg5 Kg7 26. Rd6 Rad8 27. Rcd1 Rxd6 28. Rxd6 Rf7 29. h4 Nc6 30. Bxc5 Ne7 31. Bd4 Kg8 32. h5 Rg7 33. Bb6 1-0

[Event "2nd Bieszczady Chess-ch B 2022"]
[Site "Bystre"]
[Date "2022.07.24"]
[Round "9.3"]
[White "Biesiadecki, Adam"]
[Black "Giefert, Sara"]
[Result "0-1"]
[ECO "C41"]
[WhiteElo "1776"]
[BlackElo "1692"]
[Annotator "NA RC COMBH"]
[PlyCount "128"]
[EventDate "2022.07.17"]
[EventCountry "POL"]
[SourceTitle "playchess.com"]
[Source "ChessBase"]
[SourceQuality "1"]
[TimeControl "5400+30"]

1. d4 Nf6 2. Nc3 d6 3. e4 e5 4. Nf3 Nbd7 5. g4 h6 6. Rg1 exd4 7. Qxd4 Nc5 8. h3 Bd7 9. Bc4 Qe7 10. Bf4 g5 11. Bh2 Bc6 12. O-O-O O-O-O 13. Bd5 Bxd5 14. Nxd5 Nxd5 15. Qxh8 Qxe4 16. Qd4 Qxf3 17. Qxd5 Qxf2 18. Qf5+ Qxf5 19. gxf5 Bg7 20. Rde1 Kd7 21. Re2 Re8 22. Rxe8 Kxe8 23. b4 Na4 24. Rg4 Nc3 25. Kb2 Kd7 26. Kb3 b5 27. Bg1 a6 28. Bd4 Bxd4 29. Rxd4 Ne2 30. Rd2 Nf4 31. Kc3 Nxh3 32. Kd4 Nf4 33. Ke4 Ke7 34. c4 bxc4 35. Kd4 h5 36. Kxc4 c6 37. Kd4 Kf6 38. Rc2 h4 39. Ke4 d5+ 40. Ke3 h3 41. Rxc6+ Kxf5 42. Rxa6 f6 43. Ra8 g4 44. Kf2 Nh5 45. Rh8 Kg5 46. Rxh5+ Kxh5 47. b5 h2 48. Kg2 d4 49. b6 h1=Q+ 50. Kxh1 d3 51. b7 d2 52. b8=Q d1=Q+ 53. Kg2 Qe2+ 54. Kg3 Qf3+ 55. Kh2 Qf2+ 56. Kh1 Qxa2 57. Qh8+ Kg6 58. Qe8+ Qf7 59. Qa8 Qe6 60. Qf8 f5 61. Qb8 Kg5 62. Qa7 g3 63. Kg1 Qe1+ 64. Kg2 Qf2+ 0-1

[Event "2nd Bieszczady Chess-ch B 2022"]
[Site "Bystre"]
[Date "2022.07.24"]
[Round "9.4"]
[White "Warchol, Jacek"]
[Black "Sola, Wojciech"]
[Result "0-1"]
[ECO "B27"]
[WhiteElo "1785"]
[BlackElo "1780"]
[Annotator "NA RC COMBH"]
[PlyCount "132"]
[EventDate "2022.07.17"]
[EventCountry "POL"]
[SourceTitle "playchess.com"]
[Source "ChessBase"]
[SourceQuality "1"]
[TimeControl "5400+30"]

1. e4 c5 2. Nf3 g6 3. d4 cxd4 4. Nxd4 Bg7 5. Be3 Nc6 6. Nxc6 bxc6 7. Nc3 d6 8. Qd2 Qa5 9. Bd4 Nf6 10. f3 O-O 11. a3 Rb8 12. Nb1 Qxd2+ 13. Nxd2 c5 14. Bc3 Nd7 15. Bxg7 Kxg7 16. O-O-O Ne5 17. Nc4 Nc6 18. Ne3 Be6 19. Bc4 Bxc4 20. Nxc4 Rb7 21. Rhe1 f6 22. c3 Rfb8 23. Rd2 g5 24. g3 Ne5 25. Nxe5 fxe5 26. Rf1 Rg8 27. f4 gxf4 28. gxf4 Kf6 29. f5 Rg4 30. Re2 Rb8 31. Kc2 a5 32. Rf3 h5 33. Rg3 Rxg3 34. hxg3 c4 35. Kd1 Rg8 36. Re3 Rg4 37. Kc2 a4 38. Kd2 h4 39. gxh4 Rxh4 40. Re2 Kg5 41. Rg2+ Rg4 42. Rh2 Rxe4 43. Rh8 Kxf5 44. Rf8+ Ke6 45. Ra8 Rh4 46. Rxa4 Rh2+ 47. Ke3 d5 48. Rb4 Kf5 49. a4 Rh3+ 50. Kf2 Rh8 51. a5 Ra8 52. Rb5 e6 53. Ke3 Ra6 54. Rc5 Kf6 55. Rb5 Ke7 56. Kd2 Kd6 57. Kc2 Kc6 58. Rb8 Rxa5 59. b3 Ra2+ 60. Kd1 cxb3 61. Rxb3 Kc5 62. Rb8 Kc4 63. Rc8+ Kd3 64. Ke1 Rc2 65. Rc6 Rxc3 66. Rxe6 e4 0-1

[Event "2nd Bieszczady Chess-ch B 2022"]
[Site "Bystre"]
[Date "2022.07.24"]
[Round "9.5"]
[White "Panczuk, Grzegorz"]
[Black "Polak, Sylwia"]
[Result "1-0"]
[ECO "D43"]
[WhiteElo "1684"]
[BlackElo "1574"]
[Annotator "NA RC COMBH"]
[PlyCount "91"]
[EventDate "2022.07.17"]
[EventCountry "POL"]
[SourceTitle "playchess.com"]
[Source "ChessBase"]
[SourceQuality "1"]
[TimeControl "5400+30"]

1. d4 d5 2. c4 c6 3. Nc3 Nf6 4. Nf3 e6 5. cxd5 exd5 6. Bg5 Be7 7. e3 Bf5 8. h3 Nbd7 9. Bf4 h6 10. Bd3 Bxd3 11. Qxd3 a5 12. Ne5 Rc8 13. g4 b5 14. Rg1 Bb4 15. g5 hxg5 16. Rxg5 Bf8 17. Ke2 b4 18. Na4 Ne4 19. Rg2 Nxe5 20. Bxe5 Qh4 21. f3 Nd6 22. Qa6 Qd8 23. Rc1 Nc4 24. b3 Nxe5 25. dxe5 Qc7 26. Nb6 Rd8 27. f4 Rxh3 28. Na4 d4 29. Rxc6 Rxe3+ 30. Kd2 Qd7 31. Qc4 d3 32. Kxe3 d2 33. Nb2 Qh3+ 34. Kf2 Qh4+ 35. Kf3 Qh3+ 36. Rg3 Qh1+ 37. Ke3 Qe1+ 38. Kf3 Qh1+ 39. Kg4 g6 40. Rxg6 d1=Q+ 41. Nxd1 Qxd1+ 42. Kg5 fxg6 43. Qe6+ Be7+ 44. Kxg6 Qd5 45. Kf5 Qd3+ 46. Rxd3 1-0

[Event "2nd Bieszczady Chess-ch B 2022"]
[Site "Bystre"]
[Date "2022.07.24"]
[Round "9.6"]
[White "Zajac, Karol"]
[Black "Sternik, Piotr"]
[Result "1-0"]
[ECO "B37"]
[WhiteElo "1579"]
[BlackElo "1434"]
[Annotator "NA COMBH RC"]
[PlyCount "63"]
[EventDate "2022.07.17"]
[EventCountry "POL"]
[SourceTitle "playchess.com"]
[Source "ChessBase"]
[SourceQuality "1"]
[TimeControl "5400+30"]

1. e4 c5 2. Nf3 Nc6 3. d4 cxd4 4. Nxd4 g6 5. c4 Bg7 6. Nc2 Nf6 7. Nc3 d6 8. Be2 Be6 9. O-O O-O 10. Be3 Nd7 11. Rc1 Nb6 12. Na3 Rc8 13. b3 f5 14. exf5 Bxf5 15. Nab5 a6 16. Nd4 Nxd4 17. Bxd4 Bh6 18. f4 Be6 19. Be3 Bg7 20. Bf3 Rb8 21. Qd2 Nc8 22. Ne4 Bd7 23. c5 Bc6 24. Rfd1 Bxe4 25. Bxe4 Qe8 26. Bxb7 dxc5 27. Bxa6 Nd6 28. Rxc5 Nf5 29. Bf2 Ra8 30. Bc4+ Kh8 31. Be6 Nd6 {[%emt 0:01:14] 3.90} 32. Bd4 1-0

[Event "2nd Bieszczady Chess-ch B 2022"]
[Site "Bystre"]
[Date "2022.07.24"]
[Round "9.7"]
[White "Kucza, Arkadiusz"]
[Black "Tymrakiewicz, Marianna"]
[Result "1/2-1/2"]
[ECO "A08"]
[WhiteElo "1500"]
[BlackElo "1819"]
[Annotator "NA RC COMBH"]
[PlyCount "44"]
[EventDate "2022.07.17"]
[EventCountry "POL"]
[SourceTitle "playchess.com"]
[Source "ChessBase"]
[SourceQuality "1"]
[TimeControl "5400+30"]

1. Nf3 d5 2. g3 c5 3. Bg2 Nc6 4. d3 e5 5. O-O Nf6 6. Nbd2 Be7 7. e4 dxe4 8. Nxe4 Nxe4 9. dxe4 Qc7 10. c3 O-O 11. Qc2 b6 12. Be3 Ba6 13. Rfd1 Rad8 14. Bf1 Bxf1 15. Kxf1 Qc8 16. Kg2 Qe6 17. b3 h6 18. Rxd8 Rxd8 19. Rd1 Bd6 20. Rd2 Bb8 21. Rxd8+ Nxd8 22. Qd3 Nc6 $14 1/2-1/2

[Event "2nd Bieszczady Chess-ch B 2022"]
[Site "Bystre"]
[Date "2022.07.24"]
[Round "9.8"]
[White "Tokarz, Gabriela"]
[Black "Mikula, Maciej"]
[Result "0-1"]
[ECO "A58"]
[WhiteElo "1412"]
[BlackElo "1620"]
[Annotator "NA RC COMBH"]
[PlyCount "122"]
[EventDate "2022.07.17"]
[EventCountry "POL"]
[SourceTitle "playchess.com"]
[Source "ChessBase"]
[SourceQuality "1"]
[TimeControl "5400+30"]

1. d4 Nf6 2. c4 c5 3. d5 b5 4. cxb5 a6 5. bxa6 Bxa6 6. g3 g6 7. Bg2 d6 8. Bd2 Bg7 9. Bc3 Nbd7 10. Nh3 Nb6 11. Nf4 O-O 12. h4 h5 13. O-O Qc7 14. Re1 Rfb8 15. Qc2 Bb7 16. e4 c4 17. Bd4 Ng4 18. Bxg7 Kxg7 19. b3 Qc5 20. bxc4 Nxc4 21. Nd3 Qd4 22. Qc3 Qxc3 23. Nxc3 Ra3 24. Rec1 Rc8 25. Nb4 Nge5 26. Nb5 Ra4 27. a3 Nd2 28. Rxc8 Bxc8 29. Nc3 Ra7 30. Ra2 Ndc4 31. Bf1 Rxa3 32. Bxc4 Rxc3 33. Ba6 Bh3 34. Kh2 Bg4 35. f4 Nf3+ 36. Kg2 Re3 37. Nc6 Rxe4 38. Be2 Nxh4+ 39. Kf2 Bxe2 40. Rxe2 Rxe2+ 41. Kxe2 Nf5 42. Kf3 Kf6 43. Nb4 e6 44. dxe6 Kxe6 45. g4 hxg4+ 46. Kxg4 d5 47. Kg5 d4 48. Nd3 Ne3 49. Nb4 Ng2 50. Nd3 Kd5 51. f5 Ke4 52. fxg6 fxg6 53. Nc5+ Ke3 54. Kxg6 Nf4+ 55. Kf5 Nd5 56. Ke6 Nc7+ 57. Ke5 Na6 58. Nb3 d3 59. Kd5 Nb4+ 60. Kc4 Na2 61. Kd5 Nc1 0-1

[Event "2nd Bieszczady Chess-ch B 2022"]
[Site "Bystre"]
[Date "2022.07.24"]
[Round "9.9"]
[White "Kotyla, Jan"]
[Black "Labedz, Dawid"]
[Result "0-1"]
[ECO "A30"]
[WhiteElo "1398"]
[BlackElo "1562"]
[Annotator "NA RC COMBH"]
[PlyCount "110"]
[EventDate "2022.07.17"]
[EventCountry "POL"]
[SourceTitle "playchess.com"]
[Source "ChessBase"]
[SourceQuality "1"]
[TimeControl "5400+30"]

1. c4 c5 2. e3 g6 3. d4 cxd4 4. exd4 d5 5. cxd5 Nf6 6. Bb5+ Nbd7 7. Nc3 Bg7 8. d6 exd6 9. Nge2 O-O 10. O-O a6 11. Ba4 b5 12. Bb3 Bb7 13. a3 Rc8 14. Nf4 Nb6 15. h4 Nc4 16. h5 Qd7 17. Qd3 Qg4 18. Bd1 Qh4 19. b3 Nb6 20. Bd2 Ng4 21. Nh3 Nh6 22. Ne2 Be4 23. Qg3 Qxg3 24. Nxg3 Bd3 25. Re1 Bxd4 26. Bxh6 Bxa1 27. Bxf8 Rxf8 28. Re3 Bb1 29. Bf3 Be5 30. Bb7 a5 31. Ne2 a4 32. f4 Bb2 33. bxa4 bxa4 34. Ba6 Kg7 35. g4 Bc2 36. Bb5 Bb3 37. Re4 Bxa3 38. Nc3 Bc5+ 39. Kh2 a3 40. f5 a2 41. Nxa2 Bxa2 42. Ng5 Nd5 43. Ra4 Nc3 44. Ra6 Nxb5 45. Rxa2 Be3 46. f6+ Kh6 47. Nh3 gxh5 48. Re2 hxg4 49. Rxe3 gxh3 50. Rg3 d5 51. Kxh3 Rc8 52. Rg7 Nd6 53. Kg4 Rc4+ 54. Kf3 Re4 55. Rg8 Re6 0-1

[Event "2nd Bieszczady Chess-ch B 2022"]
[Site "Bystre"]
[Date "2022.07.24"]
[Round "9.10"]
[White "Ochalik, Filip"]
[Black "Kasianczuk, Krzysztof"]
[Result "0-1"]
[ECO "E76"]
[WhiteElo "1342"]
[BlackElo "1557"]
[Annotator "NA RC COMBH"]
[PlyCount "128"]
[EventDate "2022.07.17"]
[EventCountry "POL"]
[SourceTitle "playchess.com"]
[Source "ChessBase"]
[SourceQuality "1"]
[TimeControl "5400+30"]

1. d4 Nf6 2. c4 g6 3. Nc3 Bg7 4. e4 d6 5. f4 O-O 6. Nf3 e5 7. fxe5 dxe5 8. d5 Nbd7 9. Bd3 Nc5 10. Bc2 Bg4 11. O-O a5 12. Bg5 h6 13. Be3 Qe7 14. h3 Bc8 15. Qd2 Kh7 16. Rae1 Rd8 17. Kh1 Rh8 18. Bg1 b6 19. Bh2 Ne8 20. Rf2 Nd6 21. Qe2 Ba6 22. b3 Raf8 23. Nb5 Bc8 24. Nxd6 cxd6 25. Nd2 h5 26. a3 Kg8 27. b4 axb4 28. axb4 Nd7 29. Nf1 Nf6 30. Ne3 h4 31. Ref1 Nh5 32. Qf3 Bh6 33. c5 bxc5 34. bxc5 dxc5 35. Ng4 Bxg4 36. Qxg4 Bf4 37. Rxf4 exf4 38. Bxf4 Nxf4 39. Qxf4 Rh5 40. Bd3 Qe5 41. Qf3 Qg3 42. Qd1 Rg5 43. Qc2 Qe3 44. d6 Rg3 45. Bc4 Qc3 46. Qa2 Kg7 47. d7 f6 48. Be6 Qd3 49. Qa1 Qd4 50. Qxd4 cxd4 51. Rd1 d3 52. Bc4 Rd8 53. Bb5 Kf8 54. Kg1 Ke7 55. Kf2 Kd6 56. Rxd3+ Rxd3 57. Bxd3 Rxd7 58. e5+ Kxe5 59. Bxg6 Kf4 60. Bh5 Rd2+ 61. Kf1 Ke3 62. Bg4 Rc2 63. Kg1 Kf4 64. Bd7 Kg3 0-1

[Event "2nd Bieszczady Chess-ch B 2022"]
[Site "Bystre"]
[Date "2022.07.24"]
[Round "9.11"]
[White "Kryston, Aleksander"]
[Black "Trela, Konrad"]
[Result "1-0"]
[ECO "A43"]
[WhiteElo "1216"]
[BlackElo "1523"]
[Annotator "NA RC COMBH"]
[PlyCount "53"]
[EventDate "2022.07.17"]
[EventCountry "POL"]
[SourceTitle "playchess.com"]
[Source "ChessBase"]
[SourceQuality "1"]
[TimeControl "5400+30"]

1. d4 c5 2. Nf3 cxd4 3. Nxd4 Nf6 4. Nc3 d5 5. Bg5 a6 6. e3 Bg4 7. Be2 Bxe2 8. Ndxe2 e6 9. O-O Be7 10. Nd4 Nc6 11. Nxc6 bxc6 12. Rb1 Rb8 13. Qf3 O-O 14. a3 a5 15. Ne2 Ne4 16. Bxe7 Qxe7 17. Rfd1 Qc5 18. c3 a4 19. Ng3 Nd6 20. Rd4 Nc4 21. Rh4 Nd2 22. Qh5 h6 23. Rd1 Rxb2 24. Rg4 Kh7 25. Qe5 g6 26. Nh5 f6 27. Qc7+ 1-0